 Dungeon Crawl Stone Soup version 0.24-a0-417-g1cce26a4d2 (webtiles) character file.

Game seed: 17445059080743241176

179 Lanoc the Cudgeler (level 5, 0/49 HPs)
             Began as a Deep Dwarf Chaos Knight on June 10, 2019.
             Was a Plaything of Xom.
             Slain by an orc
             ... wielding a +0 hand axe
              (1 damage)
             ... on level 3 of the Dungeon.
             The game lasted 00:07:18 (1121 turns).

Lanoc the Cudgeler (Deep Dwarf Chaos Knight)        Turns: 1121, Time: 00:07:18

Health: 0/49       AC:  5    Str: 16 (19) XL:     5   Next: 32%
Magic:  5/5        EV: 12    Int: 10 (12) God:    Xom [..*...]
Gold:   115        SH:  0    Dex: 12 (14) Spells: 4/4 levels left

rFire    . . .     SeeInvis .   a - +0 mace (chaos)
rCold    . . .     Gourm    .   (no shield)
rNeg     . . .     Faith    .   b - +2 leather armour
rPois    .         Spirit   .   (no helmet)
rElec    .         Reflect  .   (no cloak)
rCorr    .         Harm     .   (no gloves)
MR       .....     Clarity  +   (no boots)
Stlth    +.........             (no amulet)
HPRegen  0.00/turn              (no ring)
MPRegen  0.09/turn              (no ring)

@: non-regenerating
A: damage resistance, heal wounds, agile 1, clarity, sense surroundings 1,
strong 1, no regeneration
a: Heal Wounds, Renounce Religion


You were on level 3 of the Dungeon.
You worshipped Xom.
You were a toy of Xom.
You were not hungry.

You visited 1 branch of the dungeon, and saw 3 of its levels.

You collected 115 gold pieces.

Inventory:

Hand Weapons
 a - a +0 mace of chaos (weapon)
Armour
 b - a +2 leather armour (worn)
Scrolls
 d - a scroll of blinking {unknown}
 e - a scroll of enchant armour {unknown}
 g - a scroll of remove curse {unknown}
 h - a scroll of noise {unknown}
 k - 3 scrolls of identify {unknown}
Comestibles
 c - 5 rations
 j - 6 chunks of flesh


   Skills:
 + Level 3.4 Fighting
 * Level 4.4 Maces & Flails
 + Level 3.3 Armour
 + Level 2.6 Dodging


You had 4 spell levels left.
You didn't know any spells.
Your spell library was empty.

Dungeon Overview and Level Annotations

Branches:
Dungeon (3/15)

Altars:


Innate Abilities, Weirdness & Mutations

You are resistant to damage.
You can heal yourself by infusing magical energy.
You passively map a small area around you.
You do not regenerate.
You are agile. (Dex +2)
You possess an exceptional clarity of mind.
Your muscles are strong. (Str +2)


Message History

You barely miss something. Something barely misses you.
Something hits you but does no damage.
You hit something but do no damage.
You feel a little less agile now. Something hits you but does no damage.
Something completely misses you.
You hit something. Something hits you.
* * * LOW HITPOINT WARNING * * *
Something hits you but does no damage.
You feel better. Something hits you.
* * * LOW HITPOINT WARNING * * *
Something hits you.
* * * LOW HITPOINT WARNING * * *
You hit something. You burn something. Something hits you.
* * * LOW HITPOINT WARNING * * *
Something hits you but does no damage. Something hits you.
You hit something. You freeze something.
Reactivating autopickup.
You feel a bit more experienced. The orc hits you with a +0 hand axe.
You die... "This toy is broken."

* * ** * , , * * *
* ### , ,,!.# . *
#.# < #. #o#######
#. #@....... * #.
#..######* * #.
#..########### #.
#..$.†.......# ##.
##.#########.###..
#.# #....... , #.#
###...##.. #>#
#.......#. #.#
#........)


You could see an orc.

Vanquished Creatures
  2 orc priests (D:3)
  4 adders
  4 worms
  2 dart slugs
  5 leopard geckos
  5 orcs (D:3)
  5 bats
  3 giant cockroaches
  5 goblins
  8 hobgoblins
  2 jackals (D:1)
  5 kobolds
  A quokka (D:3)
  A frilled lizard (D:1)
  6 rats
58 creatures vanquished.

Vanquished Creatures (collateral kills)
  A bat (D:1)
1 creature vanquished.

Vanquished Creatures (others)
  An adder (D:2)
  A goblin (D:1)
2 creatures vanquished.

Grand Total: 61 creatures vanquished

Notes
Turn   | Place    | Note
-------+----------+-------------------------------------------
     0 | D:1      | Lanoc the Deep Dwarf Chaos Knight began the quest for the
                  | Orb.
     0 | D:1      | Reached XP level 1. HP: 20/20 MP: 1/1
    59 | D:1      | Reached XP level 2. HP: 24/27 MP: 2/2
   310 | D:1      | XOM: divination: detect creatures
   329 | D:1      | Gained mutation: You are agile. (Dex +2) [potion of
                  | mutation]
   329 | D:1      | Gained mutation: Your muscles are strong. (Str +2) [potion
                  | of mutation]
   360 | D:1      | Reached XP level 3. HP: 19/34 MP: 3/3
   544 | D:2      | XOM: potion effect (might)
   559 | D:2      | XOM: harmless Summ miscast
   578 | D:2      | XOM: fog
   629 | D:2      | XOM: give mutation
   629 | D:2      | Gained mutation: You possess an exceptional clarity of
                  | mind. [Xom's grace]
   667 | D:2      | Reached XP level 4. HP: 42/42 MP: 4/4
   775 | D:2      | XOM: divine lightning
   932 | D:3      | Reached skill level 4 in Maces & Flails
   935 | D:3      | Reached XP level 5. HP: 35/49 MP: 5/5
  1054 | D:3      | XOM: mild Tloc miscast
  1118 | D:3      | HP: 2/49 [something (2)]
  1121 | D:3      | Slain by an orc

Levels and vault maps discovered:
D:1:      dpeg_arrival_tiny_i, layout_basic, palyth_stone_intersect,
          roderic_roman_lattice
D:2:      minmay_recursive_quarters, layout_loops_corners, lemuel_round_altar,
          serial_rivers, chequers_serial_rivers_small_3,
          chequers_serial_rivers_small_a, chequers_serial_rivers_small_b,
          chequers_serial_rivers_large_a
D:3:      layout_loops_ring, lemuel_coloured_pillars_altar, first_ration

Skill      XL: |  1  2  3  4 |
---------------+-------------+-----
Fighting       | 3 |  3.4
Dodging        | 2 |  2.6
Maces & Flails | 4 |  4.4
Armour         | 3 |  3.3

Action                   |  1- 3 |  4- 6 || total
-------------------------+-------+-------++-------
Melee: Mace              |   113 |    68 ||   181
  Use: Potion            |     5 |     4 ||     9
 Stab: Confused          |     1 |       ||     1
       Sleeping          |       |     1 ||     1
  Eat: Chunk             |       |     1 ||     1
Armor: Leather armour    |    54 |    17 ||    71
Dodge: Dodged            |    75 |    27 ||   102

Table legend:
 A = Non-vault XP
 B = Vault XP
 C = Vault XP percentage of total XP
 D = Non-vault monster count
 E = Vault monster count
 F = Vault count percentage of total count
                 A         B        C        D         E       F
            +---------+---------+-------+---------+---------+-------
      Total |     236 |      20 |   7.8 |      52 |       8 |  13.3
            +---------+---------+-------+---------+---------+-------
        D:1 |      47 |       0 |   0.0 |      24 |       0 |   0.0
        D:2 |      31 |      20 |  39.2 |       8 |       8 |  50.0
        D:3 |     158 |       0 |   0.0 |      20 |       0 |   0.0
            +---------+---------+-------+---------+---------+-------
